 Dungeon Crawl Stone Soup version 0.31-a0-667-g39726597b9 (webtiles) character file.

Game seed: 4427039531703134863

477 LadyOphelia the Cudgeller (level 6, -6/53 HPs)
             Began as a Draconian Berserker on Sept 4, 2023.
             Was a Priest of Trog.
             Mangled by an ogre
             ... wielding a +0 giant club
              (12 damage)
             ... on level 4 of the Dungeon.
             The game lasted 00:08:08 (3450 turns).

LadyOphelia the Cudgeller (Draconian Berserker)     Turns: 3450, Time: 00:08:08

Health: -6/53      AC:  6    Str: 21    XL:     6   Next: 85%
Magic:  6/6        EV: 13    Int:  7    God:    Trog [***...]
Gold:   162        SH:  0    Dex: 11    Spells: 5/5 levels left

rFire   . . .        a - +0 mace
rCold   . . .        (no shield)
rNeg    . . .        (body armour unavailable)
rPois   .            (helmet restricted)
rElec   .            (no cloak)
rCorr   .            (no gloves)
SInv    .            (no boots)
Will    .....        g - amulet of faith
Stlth   ++           (no ring)
HPRegen 0.28/turn    (no ring)
MPRegen 0.10/turn

%: faith
@: no status effects
A: AC +6, unfitting armour, cold-blooded
a: Renounce Religion, Berserk, Trog's Hand


You were on level 4 of the Dungeon.
You worshipped Trog.
Trog was most pleased with you.
You visited 1 branch of the dungeon, and saw 4 of its levels.

You collected 162 gold pieces.

Inventory:

Hand Weapons
 a - a +0 mace (weapon)
Jewellery
 g - an amulet of faith (around neck)
Wands
 j - a wand of paralysis (5)
Scrolls
 c - 3 scrolls of identify {unknown}
 d - 3 scrolls of summoning {unknown}
 f - 2 scrolls of blinking {unknown}
 h - 3 scrolls of teleportation {unknown}
Potions
 b - a potion of enlightenment {unknown}
 e - a potion of lignification {unknown}
 i - a potion of berserk rage {unknown}
 k - a potion of brilliance {unknown}


   Skills:
 * Level 4.6 Fighting
 + Level 5.9 Maces & Flails
 + Level 4.2 Dodging
 + Level 1.5 Stealth


You had 5 spell levels left.
You didn't know any spells.
Your spell library was empty.

Dungeon Overview and Level Annotations

Branches:
Dungeon (4/15)
 Temple: D:4-7

Altars:
Cheibriados
Kikubaaqudgha
Sif Muna
Trog
Vehumet

Shops:
D:1 ?[*=


Innate Abilities, Weirdness & Mutations

Your plain brown scales are hard. (AC +6)
You cannot fit into any form of body armour.
You are cold-blooded and may be slowed by cold attacks.


Message History

Okay, then.
You now have 159 gold pieces (gained 4).
Found a trident.
You now have 162 gold pieces (gained 3).
An ogre comes into view. It is wielding a +0 giant club.
An ogre is nearby!
The ogre shouts!
You hear a shout!
The ogre completely misses you.
You hit the ogre.
Your tail-slap misses the ogre.
The ogre is lightly wounded.
An ogre comes into view. It is wielding a +0 giant club.
You hit the ogre.
The ogre is moderately wounded.
The ogre hits you with a +0 giant club!
You hit the ogre.
The ogre is moderately wounded.
The ogre hits you with a +0 giant club!
You thump the ogre! You tail-slap the ogre.
The ogre is severely wounded.
You sock the ogre!
You kill the ogre!
Trog accepts your kill.
You barely miss the ogre.
The ogre hits you with a +0 giant club!!
You hit the ogre. You tail-slap the ogre.
The ogre is moderately wounded.
The ogre barely misses you.
You hit the ogre.
The ogre is moderately wounded.
You sock the ogre! You punch the ogre.
The ogre is severely wounded.
The ogre hits you with a +0 giant club.
You hit the ogre.
The ogre is almost dead.
The ogre hits you with a +0 giant club!
* * * LOW HITPOINT WARNING * * *
You hit the ogre.
The ogre is almost dead.
The ogre hits you with a +0 giant club!
You die...

#...........#
#.#.###.#####
#.#.# #.#
########.#.# #..
.......#.#.#######
#..............#
#...#..#.#####.
##.....#.#
#.....#@#
##....#O# #....#.#
##..##.. #).###.
#..# .# ...# .# ..


You could see an ogre.

Vanquished Creatures
  A centaur (D:3)
  An ogre (D:4)
  A phantom (D:4)
  A hound (D:4)
  5 orc wizards (D:3)
  3 adders
  2 worms
  2 dart slugs
  5 orcs (D:3)
  4 ball pythons
  8 bats
  3 endoplasms (D:1)
  A giant cockroach (D:2)
  5 goblins
  2 hobgoblins
  3 jackals (D:1)
  3 quokkas
  4 frilled lizards
  3 kobolds
  5 rats
62 creatures vanquished.

Notes
Turn   | Place    | Note
-------+----------+-------------------------------------------
     0 | D:1      | LadyOphelia the Draconian Berserker began the quest for the
                  | Orb.
     0 | D:1      | Reached XP level 1. HP: 19/19 MP: 1/1
    16 | D:1      | Found Engium's General Store.
   148 | D:1      | Found Erphiew's Magic Scroll Boutique.
   173 | D:1      | Reached XP level 2. HP: 26/26 MP: 2/2
   436 | D:1      | Found Beal's Jewellery Shoppe.
   470 | D:1      | Found Intitir's Armour Shoppe.
   999 | D:2      | Reached XP level 3. HP: 19/33 MP: 3/3
  1403 | D:2      | Reached ** piety under Trog
  1537 | D:2      | Found a faded altar of an unknown god.
  1624 | D:2      | Found a snail-covered altar of Cheibriados.
  1976 | D:3      | Reached skill level 4 in Maces & Flails
  1980 | D:3      | Reached XP level 4. HP: 14/40 MP: 4/4
  2390 | D:3      | Noticed a centaur
  2400 | D:3      | Killed a centaur
  2401 | D:3      | Reached XP level 5. HP: 8/46 MP: 5/5
  2566 | D:3      | Found a bloodstained altar of Trog.
  2616 | D:3      | Found a shimmering blue altar of Sif Muna.
  2639 | D:3      | Found an ancient bone altar of Kikubaaqudgha.
  2643 | D:3      | Reached skill level 5 in Maces & Flails
  2655 | D:3      | Found a radiant altar of Vehumet.
  2667 | D:3      | Reached skill level 1 in Stealth
  2671 | D:3      | Reached *** piety under Trog
  2673 | D:3      | Reached XP level 6. HP: 19/52 MP: 6/6
  3450 | D:4      | Mangled by an ogre

Illustrated notes

Levels and vault maps discovered:
D:1:      dpeg_arrival_refuge, layout_basic, serial_shops,
          nicolae_shop_peninsula, shop, nicolae_shop_stone, shop,
          roderic_lattice_a
D:2:      layout_basic, shapermc_ecumenical_altar_pompeii, serial_rivers,
          chequers_serial_rivers_large_b, chequers_serial_rivers_micro_b,
          chequers_serial_rivers_micro_e, chequers_serial_rivers_large_a,
          chequers_serial_rivers_micro_b, basic_altar
D:3:      layout_basic, palyth_temple_overflow_mages, general_overflow_altar
D:4:      layout_loops_ring, minitemple, minmay_unequal

Skill      XL: |  1  2  3  4  5  6 |
---------------+-------------------+-----
Dodging        | 3 4 |  4.2
Maces & Flails | 4 5 |  5.9
Fighting       | 4 |  4.6
Stealth        | 1 |  1.5

Action                     |  1- 3 |  4- 6 || total
---------------------------+-------+-------++-------
  Melee: Mace              |   107 |    92 ||   199
         Tailslap          |    12 |     8 ||    20
         Punch             |     2 |     1 ||     3
 Invoke: Berserk           |       |     2 ||     2
 Armour: Skin              |    75 |    74 ||   149
  Dodge: Dodged            |    77 |    66 ||   143

Table legend: (Time is in decaauts)
 A = Elapsed time spent in this place.
 B = Non-inter-level travel time spent in this place.
 C = Inter-level travel time spent in this place.
 D = Time resting spent in this place.
 E = Time spent auto-exploring this place.
 F = Levels seen in this place.
 G = Mean time per level.
                   A        B        C        D        E       F      G
               +--------+--------+--------+--------+--------+-----+--------+
         Total |   3545 |   3511 |     34 |    672 |   2029 |   4 |  886.2 |
       Dungeon |   3545 |   3511 |     34 |    672 |   2029 |   4 |  886.2 |
               +--------+--------+--------+--------+--------+-----+--------+

Top non-repeatable levels by time:
     D:3: 1354 daAuts
     D:2: 1075 daAuts
     D:1: 945 daAuts
     D:4: 169 daAuts
